 Dungeon Crawl Stone Soup version 0.30-a0-965-g42e074c17a (webtiles) character file.

Game seed: 17783451934100137324

682351 cforsyth the Conqueror (level 27, 0/168 (174) HPs)
             Began as a Formicid Fighter on Mar 30, 2023.
             Was the Champion of Ru.
             Killed from afar by a red draconian (1 damage)
             ... with a searing blast
             ... led by a black draconian knight
             ... on level 5 of the Realm of Zot.
             The game lasted 02:21:52 (83636 turns).

cforsyth the Conqueror (Formicid Fighter)          Turns: 83636, Time: 02:21:53

HP:   0/168 (174)   AC: 52    Str: 34    XL:     27
MP:   1/18          EV: 14    Int:  9    God:    Ru [******]
Gold: 10312         SH: 18    Dex:  9    Spells: 26/26 levels left

rFire   + + +      SeeInvis +    b - +9 great mace (protect)
rCold   + + +      Faith    .    G - +2 kite shield {rC+ rF+}
rNeg    + . .      Spirit   .    l - +12 gold dragon scales
rPois   +          Reflect  .    (helmet unavailable)
rElec   +          Rampage  .    N - +0 cloak {rCorr}
rCorr   +                        d - +3 pair of gauntlets of War {Slay+5}
Will    +++..                    c - +3 pair of mountain boots {steadfast, rC+} Stlth
                                 V - amulet of regeneration
HPRegen 1.28/turn                Q - ring "Remyfuoz" {rElec rC+ Will+ Int+3}
MPRegen 0.16/turn                n - ring "Hilirch" {rN+ Str+3}

@: exhausted, resistant, under a protective aura, contaminated, glowing,
studying Translocations, lightly drained, unable to read
A: permanent stasis, dig shafts and tunnels, antennae 3, screaming 1, inability
to read after injury 2, no stealth, inability to use devices, hated by all, no
hexes magic, no necromancy magic, no poison magic, disrupted magic 1, four
strong arms, clumsy 2, deformed body, deterioration 2, dopey 2, frail 3, low MP
2, weak 1
}: 4/15 runes: serpentine, barnacled, silver, abyssal
a: Dig, Shaft Self, Renounce Religion, Draw Out Power, Power Leap, Apocalypse


You were on level 5 of the Realm of Zot.
You worshipped Ru.
Ru was exalted by your worship.
You visited 13 branches of the dungeon, and saw 53 of its levels.
You visited the Abyss 1 time.
You visited 1 ziggurat, and saw 9 of its levels.
You also visited: Trove, Ossuary, Bailey, Ice Cave, Volcano and Desolation.

You collected 11560 gold pieces.
You spent 1248 gold pieces at shops.

Inventory:

Hand Weapons
 b - a +9 great mace of protection (weapon)
 s - the +7 sceptre of Torment {pain, torment}
   (You took it off a deep elf demonologist on level 5 of the Vaults)
Armour
 c - the +3 pair of mountain boots (worn) {steadfast, rC+}
   (You acquired it in a bailey)

   Steadfast: It prevents involuntary movement, except for blinking,
   teleportation, or banishment.
   rC:        It protects you from cold.
 d - the +3 pair of gauntlets of War (worn) {Slay+5}
   (You found it on level 9 of a ziggurat)

   Slay:      It affects your accuracy & damage with ranged weapons and melee
   (+5).
 l - +12 gold dragon scales (worn)
 G - a +2 kite shield of resistance (worn)
 N - a +0 cloak of preservation (worn)
 Y - the +0 pair of fencer's gloves {Riposte Dex+3}
   (You found it in the Desolation of Salt)

   Riposte:   It allows the wearer to riposte with melee weapons, swiftly
   retaliating against missed or blocked melee attacks.
   Dex:       It affects your dexterity (+3).
Jewellery
 a - the ring "Eqoixas" {Fly rElec Dex+4}
   (You found it on level 4 of a ziggurat)

   [ring of flight]

   Dex:       It affects your dexterity (+4).
   rElec:     It insulates you from electricity.
   Fly:       It grants you flight.
 n - the ring "Hilirch" (right hand) {rN+ Str+3}
   (You found it on level 2 of the Snake Pit)

   [ring of positive energy]

   Str:       It affects your strength (+3).
   rN:        It protects you from negative energy.
 t - the ring of Vieg {Fly rC+}
   (You found it in the Desolation of Salt)

   [ring of flight]

   rC:        It protects you from cold.
   Fly:       It grants you flight.
 v - the ring of Circularity {Drain rElec Str+6 Dex-4 SInv}
   (You found it in the Desolation of Salt)

   [ring of see invisible]

   Str:       It affects your strength (+6).
   Dex:       It affects your dexterity (-4).
   rElec:     It insulates you from electricity.
   SInv:      It lets you see invisible.
   Drain:     It drains your maximum health when unequipped.
 z - a +4 ring of slaying
 D - the ring "Byusoaj" {Fly rF+ Str+6}
   (You took it off an ironbound convoker on level 5 of the Vaults)

   [ring of strength]

   Str:       It affects your strength (+6).
   rF:        It protects you from fire.
   Fly:       It grants you flight.
 Q - the ring "Remyfuoz" (left hand) {rElec rC+ Will+ Int+3}
   (You bought it in a shop on level 5 of the Vaults)

   [ring of protection from cold]

   Int:       It affects your intelligence (+3).
   rC:        It protects you from cold.
   rElec:     It insulates you from electricity.
   Will:      It increases your willpower.
 V - an amulet of regeneration (around neck)
Scrolls
 g - a scroll of amnesia
 h - 18 scrolls of immolation
 m - 7 scrolls of vulnerability
 r - 8 scrolls of magic mapping
 x - 5 scrolls of silence
 C - a scroll of enchant armour
 E - 4 scrolls of fear
 F - 4 scrolls of torment
 L - 3 scrolls of brand weapon
 W - 7 scrolls of fog
Potions
 e - 21 potions of curing
 f - 6 potions of resistance
 j - 8 potions of invisibility
 k - 6 potions of ambrosia
 o - 14 potions of brilliance
 p - 8 potions of flight
 u - 12 potions of lignification
 w - 14 potions of mutation
 A - 16 potions of magic
 I - 6 potions of attraction
 K - 11 potions of might
 T - 3 potions of cancellation


   Skills:
 O Level 27 Fighting
 O Level 27 Maces & Flails
 O Level 27 Armour
 + Level 20.2 Dodging
 - Level 25.9 Shields


You had 26 spell levels left.
You didn't know any spells.
Your spell library contained the following spells:

 Spells                   Type           Power      Damage    Failure   Level
 Apportation              Tloc           0%         N/A       92%         1
 Beastly Appendage        Tmut           0%         N/A       92%         1
 Freeze                   Ice            0%         1d3       92%         1
 Magic Dart               Conj           0%         1d3       92%         1
 Sandblast                Erth           0%         2d4       92%         1
 Shock                    Conj/Air       0%         1d3       92%         1
 Momentum Strike          Conj/Tloc      0%         3d8       97%         2
 Passwall                 Tmut/Erth      0%         N/A       97%         2
 Searing Ray              Conj           0%         2d4       97%         2
 Static Discharge         Conj/Air       0%         2-2/arc   97%         2
 Wereblood                Tmut           0%         N/A       97%         2
 Frozen Ramparts          Ice            0%         1d1       100%        3
 Gell's Gravitas          Tloc           0%         N/A       100%        3
 Kindle Blastsparks       Fire/Tloc/Air  0%         2d10      100%        3
 Ozocubu's Armour         Ice            0%         N/A       100%        3
 Stone Arrow              Conj/Erth      0%         3d7       100%        3
 Teleport Other           Tloc           0%         N/A       100%        3
 Vhi's Electric Charge    Tloc/Air       0%         N/A       100%        3
 Flame Wave               Conj/Fire      0%         2d4       100%        4
 Ice Form                 Ice/Tmut       0%         N/A       100%        4
 Iskenderun's Mystic Bla  Conj/Tloc      0%         2d3       100%        4
 Manifold Assault         Tloc           0%         N/A       100%        4
 Petrify                  Tmut/Erth      0%         N/A       100%        4
 Sticky Flame             Conj/Fire      0%         2d3       100%        4
 Arcjolt                  Conj/Air       0%         1d10      100%        5
 Blade Hands              Tmut           0%         N/A       100%        5
 Fireball                 Conj/Fire      0%         3d3       100%        5
 Freezing Cloud           Conj/Ice/Air   0%         6-21      100%        5
 Irradiate                Conj/Tmut      0%         3d11      100%        5
 Iskenderun's Battlesphe  Conj           0%         2d6       100%        5
 Lee's Rapid Deconstruct  Erth           0%         3d4*      100%        5
 Plasma Beam              Fire/Air       0%         2x1d7     100%        5
 Conjure Ball Lightning   Conj/Air       0%         3x3d6     100%        6
 Dispersal                Tloc           0%         N/A       100%        6
 Iron Shot                Conj/Erth      0%         9d1       100%        6
 Statue Form              Tmut/Erth      0%         N/A       100%        6
 Dragon Form              Tmut           0%         N/A       100%        7
 Orb of Destruction       Conj           0%         9d5       100%        7
 Ozocubu's Refrigeration  Ice            0%         4d7       100%        7
 Storm Form               Tmut/Air       0%         N/A       100%        7
 Ignition                 Fire           0%         3d3       100%        8
 Lehudib's Crystal Spear  Conj/Erth      0%         10d2      100%        8
 Maxwell's Capacitive Co  Air            0%         ∞         100%        8
 Chain Lightning          Conj/Air       0%         N/A       100%        9
 Fire Storm               Conj/Fire      0%         5d1       100%        9
 Polar Vortex             Ice            0%         N/A       100%        9
 Shatter                  Erth           0%         3d5*      100%        9
 Slow                     Hex            Unusable   N/A       N/A         1
 Blink                    Tloc           Unusable   N/A       N/A         2
 Call Imp                 Summ           Unusable   N/A       N/A         2
 Cigotuvi's Dreadful Rot  Necr/Pois/Air  Unusable   N/A       N/A         2
 Ensorcelled Hibernation  Hex/Ice        Unusable   N/A       N/A         2
 Poisonous Vapours        Pois/Air       Unusable   N/A       N/A         2
 Sublimation of Blood     Necr           Unusable   N/A       N/A         2
 Call Canine Familiar     Summ           Unusable   N/A       N/A         3
 Dazzling Flash           Conj/Hex       Unusable   N/A       N/A         3
 Ignite Poison            Fire/Tmut/Pois Unusable   N/A       N/A         3
 Inner Flame              Hex/Fire       Unusable   N/A       N/A         3
 Mephitic Cloud           Conj/Pois/Air  Unusable   N/A       N/A         3
 Portal Projectile        Hex/Tloc       Unusable   N/A       N/A         3
 Spider Form              Tmut/Pois      Unusable   N/A       N/A         3
 Animate Armour           Summ/Erth      Unusable   N/A       N/A         4
 Animate Dead             Necr           Unusable   N/A       N/A         4
 Dispel Undead            Necr           Unusable   3d6       N/A         4
 Fulminant Prism          Conj/Hex       Unusable   3d5       N/A         4
 Olgreb's Toxic Radiance  Pois           Unusable   N/A       N/A         4
 Summon Ice Beast         Ice/Summ       Unusable   N/A       N/A         4
 Summon Lightning Spire   Summ/Air       Unusable   N/A       N/A         4
 Agony                    Necr           Unusable   N/A       N/A         5
 Alistair's Intoxication  Tmut/Pois      Unusable   N/A       N/A         5
 Borgnjor's Vile Clutch   Necr/Erth      Unusable   N/A       N/A         5
 Metabolic Englaciation   Hex/Ice        Unusable   N/A       N/A         5
 Silence                  Hex/Air        Unusable   N/A       N/A         5
 Death Channel            Necr           Unusable   N/A       N/A         6
 Simulacrum               Ice/Necr       Unusable   N/A       N/A         6
 Spellforged Servitor     Conj/Summ      Unusable   N/A       N/A         7
 Summon Hydra             Summ           Unusable   N/A       N/A         7

Dungeon Overview and Level Annotations

Branches:
Dungeon (15/15)            Temple (1/1) D:4            Lair (5/5) D:9
 Shoals (4/4) Lair:3        Snake (4/4) Lair:2        Slime (0/5) Lair:5
    Orc (2/2) D:9             Elf (3/3) Orc:2        Vaults (5/5) D:13
  Crypt (3/3) Vaults:3       Tomb (1/3) Crypt:3      Depths (4/4) D:15
   Hell (visited)             Dis (0/7) Hell            Geh (0/7) Hell
    Coc (0/7) Hell            Tar (0/7) Hell            Zot (5/5) Depths:4
Ossuary (visited)          Bailey (visited)           IceCv (visited)
Volcano (visited)         Desolation (visited)

Altars:
Ashenzari
Cheibriados
Dithmenos
Elyvilon
Gozag
Kikubaaqudgha
Makhleb
Nemelex Xobeh
Okawaru
Qazlal
Ru
Sif Muna
Trog
Uskayaw
Vehumet
Wu Jian
Xom
Zin
The Shining One

Shops:
D:2 :   D:10 (   D:13 *   Orc:2 [?::   Elf:3 !   Shoals:1 [   Shoals:3 :
Snake:3 ==   Vaults:4 [   Vaults:5 =

Portals:
Hell: Depths:1 Depths:2 Depths:3 Depths:4
Abyss: Depths:3
Pandemonium: Depths:1 Depths:2


Innate Abilities, Weirdness & Mutations

You cannot be hasted, slowed, berserked, paralysed or teleported.
You can dig through walls and to a lower floor.
You have a pair of large antennae on your head. (SInv)
You occasionally shout uncontrollably at your foes.
You sometimes lose the ability to read scrolls when taking damage.
You cannot be stealthy.
You cannot study or use magical devices.
You are hated by all.
You cannot study or cast Hexes magic.
You cannot study or cast Necromancy magic.
You cannot study or cast Poison magic.
Your casting is slightly disrupted.
Your four strong arms can wield two-handed weapons with a shield.
You are very clumsy. (Dex -4)
Armour fits poorly on your strangely shaped body.
Your body often deteriorates upon taking damage.
You are very dopey. (Int -4)
You are extremely frail. (-30% HP)
Your magical capacity is very low. (-20% MP)
You are weak. (Str -2)


Message History

The helpless orb of fire fails to defend itself.
You bludgeon the orb of fire!!
Your weapon exudes an aura of protection.
The orb of fire is severely damaged.
The orb of fire glows bright magenta.
The bolt of fire hits you! You resist.
* * * LOW HITPOINT WARNING * * *
The bolt of fire hits the orb of fire.
The orb of fire completely resists.
The helpless orb of fire fails to defend itself.
You hammer the orb of fire like a gong!!!
You destroy the orb of fire!
You redirect the Killer Klown's attack!
Your Dodging skill increases to level 20!
Unknown command.
The helpless orb of fire fails to defend itself.
You crush the orb of fire like a grape!!!
The orb of fire is heavily damaged.
The orb of fire glows red.
The bolt of fire hits you. You resist.
* * * LOW HITPOINT WARNING * * *
The bolt of fire hits the orb of fire.
The orb of fire completely resists.
You hear a shout!
The helpless orb of fire fails to defend itself.
You beat the orb of fire like a drum!!!!
You destroy the orb of fire!
The orb of fire glows yellow.
The bolt of fire hits you! You resist.
* * * LOW HITPOINT WARNING * * *
You hear a shout!
You feel better.
The red draconian is no longer paralysed.
You redirect the orb of fire's attack!
The orb of fire glows yellow.
The fireball explodes!
The fireball engulfs you! You resist.
* * * LOW HITPOINT WARNING * * *
The fireball engulfs the orb of fire.
The orb of fire completely resists.
The fireball engulfs the orb of fire.
The orb of fire completely resists.
The red draconian breathes fire at you. The searing blast hits you. You resist.
You die...

,,,,,,^▓▓▓* ▓▓▓▓. ,,,,,,....▓▓*
▓▓▓.... ,,,,,,......▓* ▓▓......
,,,,,,.......* ▓▓▓▓▓▓▓▓▓ ▓.......
,,,,,,.......*▓▓.......▓▓▓......^
,,,,,,.....9^▓▓.........▓▓.......
,,,,,,.......▓......^^...▓)......
,,,,,,...^.^.d^....0.............
,,,,,,......{▓..@*.......▓.......
,,,,,,....{{.▓▓*........▓▓^......
,,,,,,.......*▓▓.......▓▓▓.......
,,,,,,.......* ▓▓▓▓▓▓▓▓▓ #.......
,,,,,,......#* ##....^.
,,,,,,....▓#* ##▓..[. ,,^,,,.▓▓▓*
*▓▓▓. ************ #▓▓▓▓▓
,,^^,,,^,,,*** ###.....


You could see 2 orbs of fire, an electric golem and a red draconian (catching
breath).

Vanquished Creatures
  4 pandemonium lords
  5 dread liches
  An ancient lich (Zot:5)
  5 orbs of fire (Zot:5)
  2 juggernauts
  2 royal mummies (Tomb:1)
  Josephina (Zot:2)
  Boris (Crypt:1)
  Vv (Crypt:3)
  Saint Roka (Elf:2)
  A shard shrike (Zig:4)
  2 Killer Klowns
  Vashnia (Snake:4)
  Geryon (Hell)
  A curse toe (Zot:5)
  13 golden dragons
  A caustic shrike (Depths:3)
  4 bone dragons
  Jory (Vaults:4)
  2 doom hounds (Depths:1)
  A shard shrike zombie (Crypt:1)
  4 electric golems
  3 Tzitzimimeh (Depths:1)
  2 Hell Sentinels (Zig:8)
  21 Orb Guardians (Zot:5)
  An Ice Fiend (Zig:9)
  4 liches
  2 walking crystal tomes (Depths:1)
  19 tentacled monstrosities
  A walking earthen tome (Depths:3)
  4 deep elf blademasters
  5 titans
  2 walking frostbound tomes
  3 walking divine tomes
  A kraken (Shoals:1)
  2 deep elf master archers (Elf:3)
  2 Executioners
  8 death cobs
  Polyphemus (Shoals:2)
  8 sphinxes
  6 quicksilver dragons
  2 tentacled starspawn
  Kirke (D:15)
  3 revenants
  10 shadow dragons
  8 tengu reavers
  13 nagarajas
  Donald (Elf:2)
  Ilsuiw (Shoals:2)
  9 storm dragons
  10 draconian monks
  3 fire giants
  7 draconian knights
  3 narguns (Depths:1)
  4 iron dragons
  26 vault wardens
  2 imperial myrmidons (Desolation)
  3 caustic shrike zombies
  7 deep elf sorcerers
  Louise (D:15)
  6 ghouls
  5 deep elf elementalists (Elf:3)
  2 draconian scorchers (Zot:3)
  6 draconian shifters
  3 ghost moths
  2 juggernaut zombies
  Aizul (Snake:2)
  18 frost giants
  18 ironbound preservers
  A curse skull (Crypt:3)
  3 balrugs
  7 war gargoyles
  29 very ugly things
  A spriggan defender (Depths:3)
  A caustic shrike skeleton (Crypt:2)
  A demonspawn corrupter (Zig:9)
  2 angels (Depths:4)
  2 demonspawn blood saints
  8 reapers
  8 draconian annihilators
  9 deep elf demonologists
  12 green draconians
  23 stone giants
  5 ironbound thunderhulks
  15 vampire knights
  A juggernaut skeleton (Hell)
  Nessos (Lair:3)
  16 black draconians
  7 deep elf annihilators
  A demonspawn black sun (Zig:3)
  2 bennus (Tomb:1)
  6 dire elephants (Vaults:4)
  3 spark wasps
  6 white draconians
  A putrid mouth (Zig:5)
  7 purple draconians
  11 red draconians
  Azrael (Snake:3)
  3 halazid warlocks (Desolation)
  6 yellow draconians
  2 crystal guardians
  6 ettins
  10 deep elf death magi
  A green death (Hell)
  10 mummy priests (Tomb:1)
  2 merfolk javelineers (Shoals:4)
  14 yaktaur captains
  3 entropy weavers
  10 merfolk impalers
  11 jiangshi
  7 great orbs of eyes
  5 ragged hierophants (Desolation)
  5 deep elf high priests
  3 caustic shrike simulacra (IceCv)
  12 fire dragons
  A spriggan zombie (Crypt:3)
  10 servants of whispers (Desolation)
  6 spriggan air magi
  Erolcha (Orc:2)
  A hell beast (Hell)
  7 ice dragons
  43 vault guards
  13 peacekeepers
  6 rakshasas
  A fenstrider witch zombie (Tomb:1)
  2 spriggan skeletons
  4 catoblepae
  3 merfolk avatars
  Erica (Lair:2)
  3 ogre magi
  9 centaur warriors
  2 death knights (Crypt:1)
  5 alligator snapping turtles
  3 salamander tyrants
  9 ironbound frosthearts
  10 two-headed ogres
  5 hydras
  11 hell hogs
  6 death yaks
  An alligator (Snake:2)
  6 tengu warriors
  11 anacondas
  9 merfolk aquamancers
  8 deep troll shamans
  9 thrashing horrors (Abyss:3)
  A boulder beetle (D:14)
  2 satyrs
  6 death scarabs (Tomb:1)
  22 naga warriors
  6 spriggan berserkers
  A quicksilver ooze zombie (Crypt:3)
  33 dancing weapons
  8 naga sharpshooters
  5 deep troll earth magi
  An orc high priest (Orc:1)
  8 shock serpents
  14 soul eaters
  8 sun demons
  8 vampire magi
  A titan zombie (Crypt:2)
  11 hell knights
  Amaemon (Lair:2)
  25 deep elf knights
  4 storm dragon zombies (Crypt:3)
  Nergalle (Orc:2)
  4 salamander mystics
  2 sixfirhies (Zig:9)
  27 skeletal warriors
  4 goliath frogs (Snake:2)
  2 storm dragon skeletons
  3 wretched stars (Abyss:3)
  A bunyip zombie (Hell)
  5 iron trolls
  3 skysharks
  38 deep trolls
  4 flayed ghosts
  3 golden dragon zombies (Crypt:3)
  13 deep elf archers
  7 glowing orange brains
  A golden dragon skeleton (D:15)
  A swamp dragon (shapeshifter) (D:13)
  15 sea snakes
  An iron giant zombie (Crypt:3)
  A bog body (Crypt:2)
  13 wizards
  18 lindwurms
  2 orange crystal statues (IceCv)
  8 naga ritualists
  10 phantasmal warriors
  3 shadow dragon zombies
  A swamp dragon (Lair:5)
  39 deep elf pyromancers
  14 harpies
  An anaconda skeleton (Crypt:2)
  Pikel (D:6)
  4 orc knights
  32 ironbound convokers
  A bunyip skeleton (Hell)
  9 necromancers
  27 deep elf zephyrmancers
  9 mana vipers
  9 orc sorcerers
  10 fauns
  2 oklob plants (Lair:1)
  36 ugly things
  A wolf spider (Lair:5)
  A frost giant zombie (D:15)
  A sphinx skeleton (Vaults:5)
  9 manticores
  A goliath frog skeleton (Crypt:3)
  A stone giant zombie (Vaults:5)
  A moth of wrath (shapeshifter) (Depths:3)
  8 cyclopes
  A fire giant zombie (Crypt:3)
  10 merfolk sirens
  19 salamanders
  An iron dragon skeleton (Crypt:2)
  Maurice (D:12)
  A guardian serpent (shapeshifter) (Depths:3)
  26 moths of wrath
  A rust devil (Depths:2)
  45 black mambas
  A black mamba (shapeshifter) (D:13)
  11 water nymphs
  A frost giant skeleton (Crypt:3)
  A centaur zombie (Hell)
  14 guardian serpents
  7 elephants (Lair:5)
  A torpor snail (shapeshifter) (Vaults:5)
  2 titan simulacra
  A storm dragon simulacrum (Zot:2)
  24 naga magi
  A molten gargoyle (Depths:1)
  6 smoke demons
  3 demonic crawlers
  A torpor snail (Lair:1)
  22 vault sentinels
  A dire elephant skeleton (Crypt:2)
  A naga skeleton (Hell)
  5 orange demons
  27 cane toads
  A gargoyle (D:13)
  2 hellions
  2 large abominations (Abyss:3)
  2 kobold demonologists (Bailey)
  8 rime drakes
  2 unseen horrors
  4 ice devils (Depths:1)
  An orb spider zombie (Crypt:1)
  5 tengu conjurers
  An anaconda simulacrum (IceCv)
  3 red devils
  2 tormentors
  13 freezing wraiths
  38 yaktaurs
  A hydra zombie (Crypt:2)
  4 golden dragon simulacra
  13 komodo dragons
  11 guardian mummies
  3 harpy zombies (Crypt:3)
  A death yak skeleton (Crypt:1)
  4 meliai (Abyss:3)
  32 merfolk
  A queen bee (Abyss:3)
  8 trolls
  2 polar bears (Lair:4)
  5 hornets
  2 hellwings
  2 meliai (shapeshifter)
  A blink frog (shapeshifter) (D:15)
  63 saltlings
  3 ettin zombies
  3 raiju (Abyss:3)
  A snapping turtle (shapeshifter) (Vaults:5)
  Grinder (D:3)
  A tarantella (Vaults:1)
  10 wind drakes
  14 dream sheep
  13 blink frogs
  A fire dragon zombie (Crypt:3)
  32 slime creatures
  A fire dragon skeleton (Crypt:2)
  8 flying skulls (Tomb:1)
  13 snapping turtles
  2 spriggans (Depths:4)
  22 water elementals
  2 wraiths
  6 air elementals
  14 wyverns
  A jumping spider (Vaults:4)
  2 shadows
  21 vampires
  2 humans (D:15)
  A dire elephant simulacrum (IceCv)
  3 hogs (D:15)
  3 chaos spawn
  A fire bat (Volcano)
  10 ushabtiu (Tomb:1)
  3 ynoxinuls
  A naga simulacrum (Hell)
  5 fire elementals
  A human (shapeshifter) (D:13)
  11 yaks
  3 steam dragons
  8 basilisks
  7 redbacks
  7 vampire mosquitoes
  A redback (shapeshifter) (Depths:4)
  A demonspawn zombie (Hell)
  A yellow draconian simulacrum (Zot:2)
  2 wargs
  4 acid dragons
  A naga zombie (Abyss:3)
  2 floating eyes (Depths:3)
  12 hell hounds
  48 nagas
  22 water moccasins
  3 floating eyes (shapeshifter)
  A hydra simulacrum (IceCv)
  A demonspawn skeleton (Crypt:3)
  A merfolk skeleton (Crypt:1)
  A two-headed ogre skeleton (Crypt:2)
  A moth of wrath simulacrum (Zot:2)
  A swamp drake (Lair:5)
  4 ice beasts
  39 orc warriors
  3 alligator simulacra (IceCv)
  4 black bears
  A lindwurm zombie (Crypt:1)
  6 human zombies
  2 ettin simulacra (IceCv)
  10 ogres
  14 wolves
  6 starcursed masses (Abyss:3)
  7 centaurs
  A small abomination (Abyss:3)
  9 bullfrogs
  A fire crab zombie (Crypt:3)
  2 necrophages (Crypt:2)
  10 earth elementals
  2 gnoll sergeants
  A glowing shapeshifter simulacrum (Vaults:2)
  A draconian skeleton (Crypt:2)
  5 scorpions
  6 wights
  4 killer bees (D:8)
  2 lindwurm simulacra (IceCv)
  16 electric eels
  12 howler monkeys
  A crimson imp (D:12)
  2 hounds (D:5)
  4 jellies
  32 orc priests
  Crazy Yiuf (D:6)
  4 sleepcaps
  An iron imp (Abyss:3)
  Jessica (D:3)
  A human skeleton (Crypt:1)
  43 orc wizards
  5 iguanas
  Natasha (thrice) (D:3)
  7 hell rats
  29 mummies
  22 gnolls
  A swamp drake zombie (Crypt:3)
  5 adders
  A lava snake zombie (Crypt:1)
  A worm (D:3)
  3 dart slugs
  121 orcs
  4 ball pythons
  5 bats
  7 endoplasms
  A giant cockroach (D:2)
  A gnoll zombie (Ossuary)
  13 goblins
  9 hobgoblins
  3 jackals
  2 quokkas
  A ball python skeleton (Crypt:3)
  4 frilled lizards (D:1)
  A goblin skeleton (Crypt:2)
  A hobgoblin skeleton (Crypt:3)
  A hobgoblin zombie (Ossuary)
  A jackal zombie (D:4)
  7 kobolds
  4 kobold zombies (Ossuary)
  An orc skeleton (Crypt:1)
  2 orc zombies (Ossuary)
  10 rats
  A lurking horror (Abyss:3)
  A starspawn tentacle (Zig:1)
  7 tentacles
  2 withered plants (Crypt:3)
2761 creatures vanquished.

Vanquished Creatures (collateral kills)
  An orc (D:9)
  4 goblins (D:9)
5 creatures vanquished.

Vanquished Creatures (others)
  A golden dragon (Zot:1)
  An Orb Guardian (Zot:5)
  A kraken (Shoals:2)
  A storm dragon (Zot:4)
  A demonspawn warmonger (Zig:8)
  A deep elf elementalist (Elf:3)
  An ironbound preserver (Vaults:1)
  A demonspawn blood saint (Zig:9)
  A lorocyproca (Depths:1)
  A deep elf annihilator (Elf:3)
  A green death (Hell)
  A ragged hierophant (Desolation)
  A vault guard (Vaults:5)
  A rakshasa (D:14)
  2 hydras (Snake:2)
  An ogre mage (Vaults:5)
  An anaconda (Snake:4)
  A deep troll earth mage (Depths:1)
  A death yak (Lair:2)
  3 dancing weapons (Elf:2)
  A flayed ghost (Depths:3)
  A lindwurm (Vaults:4)
  2 deep elf zephyrmancers
  2 deep elf pyromancers
  A harpy (Shoals:2)
  A manticore (D:13)
  A smoke demon (Hell)
  2 merfolk (Shoals:1)
  A saltling (Desolation)
  2 snapping turtles
  A slime creature (Vaults:4)
  A flying skull (Tomb:1)
  A vampire (Crypt:3)
  A water elemental (Shoals:4)
  A naga (Snake:4)
  A large abomination (Abyss:3)
  2 orc wizards
  A hell rat (Hell)
  2 orcs
  12 fungi
  154 plants
  A starspawn tentacle (Zig:1)
  17 tentacles
  22 withered plants (D:15)
254 creatures vanquished.

Grand Total: 3020 creatures vanquished

Notes
Turn   | Place    | Note
-------+----------+-------------------------------------------
     0 | D:1      | cforsyth the Formicid Fighter began the quest for the Orb.
     0 | D:1      | Reached XP level 1. HP: 18/18 MP: 1/1
   106 | D:1      | Reached XP level 2. HP: 24/24 MP: 2/2
   184 | D:1      | Reached XP level 3. HP: 23/30 MP: 3/3
  1348 | D:2      | Reached XP level 4. HP: 17/37 MP: 4/4
  1809 | D:2      | Found Isarit's Book Shoppe.
  2128 | D:3      | Noticed Natasha
  2129 | D:3      | Reached XP level 5. HP: 40/42 MP: 5/5
  2143 | D:3      | Killed Natasha
  2290 | D:3      | Noticed Jessica
  2296 | D:3      | Killed Jessica
  2325 | D:3      | Noticed Natasha
  2336 | D:3      | Killed Natasha
  2337 | D:3      | Reached XP level 6. HP: 43/49 MP: 6/6
  2575 | D:3      | Noticed Grinder
  2600 | D:3      | Killed Grinder
  2601 | D:3      | Reached skill level 5 in Fighting
  2601 | D:3      | Reached skill level 5 in Maces & Flails
  2601 | D:3      | Reached XP level 7. HP: 7/56 MP: 7/7
  2736 | D:3      | Noticed Natasha
  2747 | D:3      | Killed Natasha
  3188 | D:4      | Found a sand-covered staircase.
  3200 | D:4      | Found a staircase to the Ecumenical Temple.
  3206 | Temple   | Entered the Ecumenical Temple
  3238 | Ossuary  | Entered an ossuary
  4198 | D:4      | Found a shimmering altar of Xom.
  4680 | D:5      | Entered Level 5 of the Dungeon
  4736 | D:4      | Reached XP level 8. HP: 46/64 MP: 8/8
  5864 | D:5      | Found a white marble altar of Elyvilon.
  6124 | D:5      | Found a radiant altar of Vehumet.
  6328 | D:6      | Reached XP level 9. HP: 72/72 MP: 9/9
  6612 | D:6      | Noticed Pikel
  6651 | D:6      | Killed Pikel
  6760 | D:6      | Found a runed translucent door.
  6761 | D:6      | Noticed Crazy Yiuf
  6820 | D:6      | Reached skill level 10 in Maces & Flails
  7309 | D:6      | Killed Crazy Yiuf
  7649 | D:7      | Identified the +1 leather armour of a treasure trove
                  | {Slay+2}
  8062 | D:7      | Reached XP level 10. HP: 79/83 MP: 10/10
  8520 | D:8      | Noticed a two-headed ogre
  8534 | D:8      | Killed a two-headed ogre
  8669 | D:8      | Found an iron altar of Okawaru.
  8780 | D:8      | Found an opulent altar of Gozag.
  8901 | D:8      | Found a snail-covered altar of Cheibriados.
  8908 | D:8      | You fall into a shaft and drop 3 floors!
  9088 | D:10     | Entered Level 10 of the Dungeon
  9117 | D:10     | Found Katyubam's Antique Weapon Shoppe.
  9246 | D:10     | Noticed an unseen horror
  9264 | D:10     | Killed an unseen horror
  9355 | D:10     | Noticed a tengu warrior
  9376 | D:10     | Killed a tengu warrior
  9377 | D:10     | Reached skill level 10 in Fighting
  9588 | D:10     | Found a stormy altar of Qazlal.
  9629 | D:9      | Identified a scroll of acquirement
  9629 | D:9      | Acquired 814 gold pieces
  9647 | D:9      | Found a flagged portal.
  9673 | Bailey   | Entered a bailey
  9950 | Bailey   | Reached XP level 11. HP: 92/92 MP: 11/11
 10394 | Bailey   | Acquired the +3 pair of mountain boots {steadfast, rC+}
 10394 | Bailey   | Found the +3 pair of mountain boots {steadfast, rC+}
 10980 | Bailey   | Found an iron altar of Okawaru.
 11481 | D:9      | Noticed a two-headed ogre
 11492 | D:9      | Killed a two-headed ogre
 11543 | D:9      | Found a glowing golden altar of the Shining One.
 11640 | D:9      | Found a sparkling altar of Nemelex Xobeh.
 12019 | D:8      | Found a shadowy altar of Dithmenos.
 12049 | D:8      | You fall into a shaft and drop 2 floors!
 12648 | D:9      | Found a staircase to the Orcish Mines.
 12702 | D:9      | Found a bloodstained altar of Trog.
 12824 | D:9      | Found a burning altar of Makhleb.
 13203 | D:9      | Found a staircase to the Lair.
 13546 | D:10     | Found a sacrificial altar of Ru.
 13559 | D:10     | Became a worshipper of Ru the Awakened
 13988 | D:11     | Noticed a cyclops
 14014 | D:11     | Killed a cyclops
 14116 | D:11     | Noticed a two-headed ogre
 14122 | D:11     | Killed a two-headed ogre
 14375 | D:11     | Noticed a deep elf pyromancer
 14382 | D:11     | Killed a deep elf pyromancer
 14383 | D:11     | Reached XP level 12. HP: 100/102 MP: 12/12
 14752 | D:10     | Reached skill level 15 in Maces & Flails
 15924 | D:12     | Gained mutation: You occasionally lose the ability to read
                  | scrolls when taking damage. [Ru sacrifice]
 15924 | D:12     | Gained mutation: You sometimes lose the ability to read
                  | scrolls when taking damage. [Ru sacrifice]
 15924 | D:12     | Reached * piety under Ru
 15962 | D:12     | Noticed Maurice
 15984 | D:12     | Killed Maurice
 16522 | D:13     | Found Heczailu's Assorted Antiques.
 16733 | D:13     | Noticed a skeletal warrior
 16733 | D:13     | Noticed a skeletal warrior
 16733 | D:13     | Noticed a skeletal warrior
 16734 | D:13     | Noticed a skeletal warrior
 16753 | D:13     | Noticed a skeletal warrior
 16990 | Lair:1   | Entered Level 1 of the Lair of Beasts
 17113 | Lair:1   | Identified the +0 robe of Classification {Fly Str+2}
 17427 | Lair:1   | Reached XP level 13. HP: 74/111 MP: 13/13
 18185 | Lair:2   | Noticed Amaemon
 18449 | Lair:2   | Noticed Erica
 18453 | Lair:2   | Killed Erica
 18656 | Lair:2   | Killed Amaemon
 18797 | Lair:2   | Gained mutation: You cannot be stealthy. [Ru sacrifice]
 18797 | Lair:2   | Reached ** piety under Ru
 19080 | Lair:2   | Found a staircase to the Snake Pit.
 19990 | Lair:3   | Noticed a seven-headed hydra
 19996 | Lair:3   | Killed a seven-headed hydra
 20558 | Lair:3   | Noticed Nessos
 20597 | Lair:3   | Killed Nessos
 20901 | Lair:2   | Reached XP level 14. HP: 121/121 MP: 14/14
 21223 | Lair:3   | Reached skill level 15 in Fighting
 21492 | Lair:3   | Found a staircase to the Shoals.
 21687 | Lair:4   | Found a dark tunnel.
 21704 | Volcano  | Entered a volcano
 22427 | Lair:4   | Gained mutation: You cannot study or use magical devices.
                  | [Ru sacrifice]
 22427 | Lair:4   | Reached *** piety under Ru
 22427 | Lair:4   | Reached **** piety under Ru
 22907 | Lair:5   | Entered Level 5 of the Lair of Beasts
 23003 | Lair:5   | Found a staircase to the Slime Pits.
 23567 | Lair:5   | Reached XP level 15. HP: 94/131 MP: 15/15
 24185 | Lair:5   | Gained mutation: Your casting is slightly disrupted. [Ru
                  | sacrifice]
 24185 | Lair:5   | Reached ***** piety under Ru
 24771 | Lair:5   | Identified the +8 spear of Soju {venom, *Rage rC+ Str+7}
 25004 | Orc:1    | Entered Level 1 of the Orcish Mines
 25419 | Orc:2    | Entered Level 2 of the Orcish Mines
 26077 | Orc:2    | Found a staircase to the Elven Halls.
 26237 | Orc:2    | Gained mutation: You cannot study or cast Poison magic. [Ru
                  | sacrifice]
 26237 | Orc:2    | Gained mutation: You cannot study or cast Hexes magic. [Ru
                  | sacrifice]
 26237 | Orc:2    | Gained mutation: You cannot study or cast Necromancy magic.
                  | [Ru sacrifice]
 26254 | Orc:2    | Found an ancient bone altar of Kikubaaqudgha.
 26254 | Orc:2    | Noticed Nergalle
 26294 | Orc:2    | Killed Nergalle
 26335 | Orc:2    | Found Qeytru Seecs's Book Emporium.
 26383 | Orc:2    | Found a radiant altar of Vehumet.
 26384 | Orc:2    | Noticed Erolcha
 26391 | Orc:2    | Found Racoidi's Book Emporium.
 26398 | Orc:2    | Killed Erolcha
 26441 | Orc:2    | Found Liqueweff's Antique Armour Shoppe.
 26450 | Orc:2    | Found Toewn's Magic Scroll Emporium.
 27099 | D:13     | Identified the +8 chain mail of the Chupacabra {Str+9 Int-4
                  | SInv}
 27637 | D:13     | Found a gate to the Vaults.
 28015 | D:13     | Reached XP level 16. HP: 144/148 MP: 16/16
 28228 | D:13     | Reached skill level 5 in Armour
 28228 | D:13     | Reached XP level 17. HP: 154/154 MP: 17/17
 29203 | D:15     | Entered Level 15 of the Dungeon
 29281 | D:15     | Gained mutation: You occasionally shout uncontrollably at
                  | your foes. [Ru sacrifice]
 29500 | D:15     | Acquired 1158 gold pieces
 29554 | D:15     | Identified the +9 whip "Giant's Toothpick" {venom, Dex+4}
 29596 | D:15     | Found a staircase to the Depths.
 29620 | D:15     | Noticed Louise
 29731 | D:15     | Killed Louise
 29917 | D:15     | Noticed Kirke
 29925 | D:15     | Reached skill level 10 in Shields
 29937 | D:15     | Killed Kirke
 30438 | Snake:1  | Entered Level 1 of the Snake Pit
 31411 | Snake:1  | Found a sparkling altar of Nemelex Xobeh.
 31906 | Snake:2  | Gained mutation: You are hated by all. [Ru sacrifice]
 31906 | Snake:2  | Reached ****** piety under Ru
 31908 | Snake:2  | Reached skill level 10 in Armour
 32062 | Snake:2  | Identified the ring "Hilirch" {rN+ Str+3}
 32110 | Snake:2  | Noticed Aizul
 32130 | Snake:2  | Killed Aizul
 32451 | Snake:2  | Reached XP level 18. HP: 125/140 MP: 18/18
 33288 | Snake:3  | Found Lyntuhil's Jewellery Emporium.
 33312 | Snake:3  | Found Famych's Jewellery Emporium.
 33482 | Snake:3  | Noticed Azrael
 33488 | Snake:3  | Killed Azrael
 34393 | Snake:4  | Entered Level 4 of the Snake Pit
 34415 | Snake:3  | Reached skill level 15 in Shields
 35440 | Snake:4  | Reached XP level 19. HP: 150/168 MP: 19/19
 35939 | Snake:4  | Noticed Vashnia
 36237 | Snake:4  | Got a serpentine rune of Zot
 36488 | Shoals:1 | Entered Level 1 of the Shoals
 36512 | Shoals:1 | Reached skill level 15 in Armour
 36719 | Shoals:1 | Found Wecroo's Antique Armour Shop.
 37577 | Shoals:2 | Noticed Polyphemus
 37694 | Shoals:2 | Killed Polyphemus
 38582 | Shoals:3 | Reached XP level 20. HP: 164/176 MP: 20/20
 38637 | Shoals:3 | Found Paom Noi's Self-Improvement Boutique.
 38658 | Shoals:3 | Noticed Ilsuiw
 38917 | Shoals:2 | Killed Ilsuiw
 39717 | Shoals:4 | Entered Level 4 of the Shoals
 40137 | Shoals:4 | Identified the staff of conjuration "Nafiargh" {Str+3 Dex-4
                  | Stlth+}
 40582 | Shoals:4 | Got a barnacled rune of Zot
 41451 | Snake:4  | Killed Vashnia
 42248 | Vaults:1 | Entered Level 1 of the Vaults
 42965 | Vaults:1 | Reached XP level 21. HP: 137/182 MP: 21/21
 44175 | Vaults:1 | Got the Anthology of Fever and the Singularity
 45903 | Vaults:3 | Found a crumbling gateway.
 45953 | Desolati | Entered the Desolation of Salt
 45976 | Desolati | Reached XP level 22. HP: 117/189 MP: 22/22
 46462 | Desolati | Identified the ring "Gewnuxiatt" {Fire Dex+2}
 46462 | Desolati | Found the +0 pair of fencer's gloves {Riposte Dex+3}
 46495 | Desolati | Identified the ring "Coto" {Contam rPois rC+ Str+6}
 46603 | Desolati | Identified the ring of Light {rF- rC+ rN+ Dex+3 SInv}
 46711 | Desolati | Identified the +0 scale mail "Vyonezuh" {rPois rN+ Will+}
 46816 | Desolati | Identified the staff of conjuration "Uzaumaim" {Str+2}
 46819 | Desolati | Identified the ring of Vieg {Fly rC+}
 46820 | Desolati | Identified the ring "Padwah" {AC+4 Str+2}
 46830 | Desolati | Identified the ring of Circularity {Drain rElec Str+6 Dex-4
                  | SInv}
 47368 | Vaults:3 | Found a staircase to the Crypt.
 48539 | Vaults:4 | Reached XP level 23. HP: 173/190 MP: 23/23
 49587 | Vaults:4 | Found Fegoamuo's Armour Shoppe.
 49969 | Vaults:5 | Entered Level 5 of the Vaults
 49996 | Vaults:5 | Noticed a dread lich
 50007 | Vaults:5 | Killed a dread lich
 50299 | Vaults:5 | Reached XP level 24. HP: 78/198 MP: 17/23
 50413 | Vaults:5 | Noticed a dread lich
 50647 | Vaults:4 | Killed a dread lich
 51219 | Vaults:5 | Identified the +10 plate armour of Summemoi {Fly}
 51287 | Vaults:5 | Noticed a golden dragon
 51291 | Vaults:5 | Noticed Jory
 51361 | Vaults:5 | Identified the +6 morningstar "Fuf Getuwi" {freeze, rPois}
 51361 | Vaults:5 | Identified the ring "Byusoaj" {Fly rF+ Str+6}
 51383 | Vaults:4 | Killed Jory
 52325 | Vaults:5 | Got the Elucidation of the Scintillating Wyrd
 52533 | Vaults:5 | Found Xoz Pae's Jewellery Shoppe.
 52661 | Vaults:5 | Got a silver rune of Zot
 53312 | Elf:1    | Entered Level 1 of the Elven Halls
 54631 | Elf:2    | Found a frozen archway.
 54639 | IceCv    | Entered an ice cave
 55438 | Elf:2    | Reached XP level 25. HP: 219/219 MP: 23/23
 55536 | Elf:2    | Noticed Saint Roka
 55555 | Elf:2    | Killed Saint Roka
 55918 | Elf:2    | Found a runed translucent gate.
 55918 | Elf:2    | Found a runed translucent gate.
 55918 | Elf:2    | Found a runed translucent gate.
 56076 | Elf:2    | Identified the +5 ring mail of the Pure Violins {Int+6}
 56225 | Elf:2    | Noticed Donald
 56244 | Elf:2    | Killed Donald
 56645 | Elf:3    | Entered Level 3 of the Elven Halls
 56804 | Elf:3    | Got Cutececs's Grimoire of Battling
 56890 | Elf:3    | Found Cocyf's Distillery.
 57847 | Elf:3    | Identified the +10 great sword of the Horn {flame, Str+4
                  | Int+3}
 57859 | Abyss:3  | Cast into level 3 of the Abyss (a deep elf sorcerer)
 57903 | Abyss:3  | Found a corrupted altar of Lugonu.
 58170 | Abyss:3  | Got an abyssal rune of Zot
 58203 | Elf:3    | Escaped the Abyss
 58320 | Elf:3    | Identified the amulet of Ynur {+Inv rC- Regen+ Int+3}
 58366 | Elf:3    | Reached XP level 26. HP: 231/231 MP: 23/23
 58381 | Elf:3    | Identified the +2 robe of Gylytat {rElec Will+}
 58459 | Elf:3    | Identified the ring "Rochi" {rF+ Dex+3}
 58463 | Elf:3    | Identified the +4 hand axe of the Penguin {protect, rPois}
 58483 | Elf:3    | Identified the +1 falchion "Maixzeo" {heavy, rCorr Str+4
                  | Int-4 Stlth+}
 58488 | Elf:3    | Identified the staff of poison "Kogoof" {rPois rF+ rN++}
 58503 | Elf:3    | Identified the +8 trident of Equilibrium {freeze, Stlth+}
 58519 | Elf:3    | Got the Handbook of Momentum and the Escort
 58520 | Elf:3    | Identified the +5 ring mail of Vehumet's Hope {*Corrode
                  | rElec rN+}
 59085 | Vaults:5 | Bought the ring "Remyfuoz" {rElec rC+ Will+ Int+3} for 1068
                  | gold pieces
 59313 | Depths:1 | Entered Level 1 of the Depths
 59313 | Depths:1 | Found a one-way gate leading to the halls of Pandemonium.
 59318 | Depths:1 | Reached skill level 1 in Dodging
 59822 | D:15     | Reached skill level 5 in Dodging
 60522 | Depths:1 | Found a gateway to Hell.
 60529 | Depths:1 | Identified the +1 chain mail of Ignis's Wrath {Harm rPois
                  | rF+ rC+}
 60785 | Depths:2 | Noticed a juggernaut
 60795 | Depths:2 | Killed a juggernaut
 60926 | Depths:2 | Acquired 733 gold pieces
 61748 | Depths:3 | Found a one-way gate to the infinite horrors of the Abyss.
 61803 | Depths:3 | Noticed a juggernaut
 61819 | Depths:3 | Reached XP level 27. HP: 210/217 MP: 15/23
 61823 | Depths:3 | Killed a juggernaut
 61824 | Depths:3 | Reached skill level 10 in Dodging
 62518 | Depths:3 | Identified the +6 short sword "Loil Fep" {elec, Str+2
                  | Int+5}
 63771 | Depths:3 | Found a portal to a secret trove of treasure.
 64037 | Depths:4 | Entered Level 4 of the Depths
 64644 | Depths:4 | Found a gate to the Realm of Zot.
 64666 | Depths:4 | Identified the +1 leather armour "Juadwu" {rF+ Str-5
                  | Slay+5}
 64815 | Depths:4 | Found a one-way gateway to a ziggurat.
 65101 | Depths:3 | You paid a toll of 7 scrolls of fear to enter a treasure
                  | trove
 65102 | Trove    | Entered a treasure trove
 65273 | Zot:1    | Entered Level 1 of the Realm of Zot
 66288 | Orc:2    | Bought a scroll of enchant armour for 90 gold pieces
 66289 | Orc:2    | Bought a scroll of magic mapping for 90 gold pieces
 66771 | Crypt:1  | Entered Level 1 of the Crypt
 67345 | Crypt:1  | Noticed Boris
 67354 | Crypt:1  | Killed Boris
 68497 | Crypt:3  | Entered Level 3 of the Crypt
 68810 | Crypt:3  | Noticed Vv
 68823 | Crypt:3  | Killed Vv
 69004 | Crypt:3  | Reached skill level 27 in Fighting
 69149 | Crypt:3  | Found an ancient bone altar of Kikubaaqudgha.
 69240 | Crypt:3  | Found a staircase to the Tomb.
 69643 | Crypt:3  | Identified the +7 shortbow "Iseim" {freeze, Will+}
 69742 | Tomb:1   | Entered Level 1 of the Tomb of the Ancients
 71074 | Tomb:1   | Noticed a royal mummy
 71116 | Tomb:1   | Noticed a royal mummy
 71125 | Tomb:1   | Killed a royal mummy
 71138 | Tomb:1   | Killed a royal mummy
 71149 | Tomb:1   | Gained mutation: Your body sometimes deteriorates upon
                  | taking damage. [a neqoxec]
 71154 | Tomb:1   | Gained mutation: You are weak. (Str -2) [a neqoxec]
 72141 | Tomb:1   | Identified the +4 shortbow of Slime {speed, rC+ rCorr}
 72664 | Hell     | Entered the Vestibule of Hell
 72667 | Hell     | Noticed Geryon
 72794 | Depths:1 | Reached skill level 15 in Dodging
 75929 | Hell     | Killed Geryon
 75968 | Hell     | Found a gateway to the freezing wastes of Cocytus.
 76048 | Hell     | Found a gateway to the decaying netherworld of Tartarus.
 76128 | Hell     | Found a gateway to the Iron City of Dis.
 76232 | Hell     | Found a gateway to the ashen valley of Gehenna.
 76243 | Hell     | Reached skill level 27 in Maces & Flails
 76805 | Zot:1    | Noticed a dread lich
 76818 | Zot:1    | Killed a dread lich
 76895 | Zot:1    | Identified the +11 chain mail "Mepsub" {rN+ rCorr}
 77241 | Zot:2    | Identified the staff of cold "Harur" {*Slow rC+ Str+5 SInv}
 77241 | Zot:2    | Identified the ring of Acoumac {Ice rPois MP-9 Dex+2}
 77241 | Zot:2    | Noticed Josephina
 77254 | Zot:2    | Killed Josephina
 78679 | Zot:3    | Noticed a Killer Klown
 78700 | Zot:3    | Killed a Killer Klown
 80877 | Zig:1    | Entered Level 1 of a ziggurat
 80895 | Zig:2    | Entered Level 2 of a ziggurat
 80895 | Zig:2    | Noticed Taubbaca the pandemonium lord
 80907 | Zig:2    | Killed Taubbaca the pandemonium lord
 80924 | Zig:3    | Entered Level 3 of a ziggurat
 80924 | Zig:3    | Noticed Faagofeu the pandemonium lord
 80950 | Zig:3    | Killed Faagofeu the pandemonium lord
 80964 | Zig:4    | Entered Level 4 of a ziggurat
 80965 | Zig:4    | Noticed a shard shrike
 80978 | Zig:4    | Killed a shard shrike
 81092 | Zig:4    | Identified the ring "Eqoixas" {Fly rElec Dex+4}
 81266 | Zig:5    | Entered Level 5 of a ziggurat
 81291 | Zig:5    | Identified the +1 chain mail "Apnotune" {+Inv rN+ Will-
                  | Dex+3}
 81297 | Zig:6    | Entered Level 6 of a ziggurat
 81346 | Zig:6    | Identified the +9 broad axe "Ant's Doom" {drain, rPois rN++
                  | MP+9 Dex-2}
 81350 | Zig:6    | Identified the +11 spear "Kauf" {drain, +Blink rElec}
 81352 | Zig:6    | Identified the staff of poison "Syggirchi" {Fragile rPois
                  | Dex+4 SInv}
 81361 | Zig:7    | Entered Level 7 of a ziggurat
 81452 | Zig:8    | Entered Level 8 of a ziggurat
 81459 | Zig:8    | Noticed Plog the pandemonium lord
 81478 | Zig:8    | Killed Plog the pandemonium lord
 81678 | Zig:8    | Identified the staff of conjuration "Okaap" {rC+ Str-5
                  | Stlth+}
 81684 | Zig:8    | Got Hot Xod's Folio of Outbursts and the Fair Folk
 81687 | Zig:8    | Got the Grimoire of Rime
 81849 | Zig:9    | Entered Level 9 of a ziggurat
 81857 | Zig:9    | Found the +3 hat of Pondering {ponderous, Will+ MP+10
                  | Int+5}
 81858 | Zig:9    | Noticed Enuva the pandemonium lord
 81862 | Zig:9    | Found the +3 pair of gauntlets of War {Slay+5}
 81867 | Zig:9    | Killed Enuva the pandemonium lord
 82341 | Zot:5    | Entered Level 5 of the Realm of Zot
 82829 | Zot:5    | Noticed an orb of fire
 82843 | Zot:5    | Gained mutation: You are dopey. (Int -2) [an orb of fire]
 82844 | Zot:5    | Killed an orb of fire
 83262 | Zot:5    | Noticed a Killer Klown
 83287 | Zot:5    | Noticed a dread lich
 83308 | Zot:5    | Killed a dread lich
 83318 | Zot:5    | Killed a Killer Klown
 83320 | Zot:5    | Noticed an ancient lich
 83331 | Zot:5    | Killed an ancient lich
 83590 | Zot:5    | Noticed a dread lich
 83590 | Zot:5    | Noticed an orb of fire
 83591 | Zot:5    | Noticed an orb of fire
 83591 | Zot:5    | Noticed a dread lich
 83595 | Zot:5    | Noticed an orb of fire
 83595 | Zot:5    | Noticed an orb of fire
 83599 | Zot:5    | Killed an orb of fire
 83601 | Zot:5    | Gained mutation: Your body often deteriorates upon taking
                  | damage. [an orb of fire]
 83603 | Zot:5    | Gained mutation: You are frail. (-10% HP) [an orb of fire]
 83603 | Zot:5    | Noticed a Killer Klown
 83607 | Zot:5    | Noticed an orb of fire
 83612 | Zot:5    | Noticed an orb of fire
 83614 | Zot:5    | Gained mutation: You are very frail. (-20% HP) [an orb of
                  | fire]
 83615 | Zot:5    | Gained mutation: You are very dopey. (Int -4) [an orb of
                  | fire]
 83617 | Zot:5    | Gained mutation: Your magical capacity is low. (-10% MP)
                  | [an orb of fire]
 83620 | Zot:5    | Gained mutation: You are extremely frail. (-30% HP) [an orb
                  | of fire]
 83623 | Zot:5    | Gained mutation: You are clumsy. (Dex -2) [an orb of fire]
 83623 | Zot:5    | Gained mutation: You are very clumsy. (Dex -4) [an orb of
                  | fire]
 83623 | Zot:5    | Lost mutation: You are weak. (Str -2) [mutagenic glow]
 83624 | Zot:5    | Gained mutation: Armour fits poorly on your strangely
                  | shaped body. [an orb of fire]
 83628 | Zot:5    | Killed an orb of fire
 83628 | Zot:5    | Killed a dread lich
 83628 | Zot:5    | Gained mutation: Your magical capacity is very low. (-20%
                  | MP) [an orb of fire]
 83629 | Zot:5    | Reached skill level 27 in Armour
 83631 | Zot:5    | Gained mutation: You are weak. (Str -2) [mutagenic glow]
 83633 | Zot:5    | Killed an orb of fire
 83635 | Zot:5    | Killed an orb of fire
 83635 | Zot:5    | HP: 7/161 [orb of fire/bolt of fire (11)]
 83636 | Zot:5    | HP: 1/168 [orb of fire/fireball (12)]
 83636 | Zot:5    | Killed from afar by a red draconian

Illustrated notes

Levels and vault maps discovered:
D:1:      wheals_arrival_linesprint, layout_basic, serial_rivers,
          chequers_serial_rivers_micro_e, chequers_serial_rivers_marsh,
          chequers_serial_rivers_micro_e, chequers_serial_rivers_micro_e
D:2:      layout_rooms, serial_shops,
          nicolae_shop_temple_entry_statues_fountains, dk_noncrumbling_2,
          minmay_pentomino_s4
D:3:      layout_loops_ring, chequers_serial_rivers_room_a, uniq_grinder,
          uniq_jessica, uniq_natasha
D:4:      layout_basic, mainiacjoe_overflow_small_starburst,
          minmay_temple_entry_hall, enter_ossuary_3, chequers_big_river,
          hangedman_decor_lopped
D:5:      minmay_chambers_of_threes, layout_basic, nicolae_elyvilon_temple_path,
          marbit_many_paths, hangedman_abyss_or_decor_passed
D:6:      layout_loops_ring, uniq_crazy_yiuf_cottage, uniq_pikel
D:7:      layout_gridville
D:8:      layout_cave_pools, mainiacjoe_overflow_alcove_2, okawaru_trees_2,
          mainiacjoe_overflow_six_doors_small, cheibriados_altar_1
D:9:      layout_loops_corners, mainiacjoe_overflow_alcove_1,
          nicolae_tso_carved_into_rock, nicolae_overflow_hidden_temple,
          nemelex_spade_bored_becter, lair_entry_dummy, david_orc_4,
          enter_bailey_5, special_room [special_room_orc]
D:10:     layout_basic, nicolae_ru_great_annihilating_truth,
          grunt_qazlal_sundering, serial_shops, shop_fountains
D:11:     layout_loops_corners, nicolae_underground_beach
D:12:     layout_stronghold, lightli_wizard_tower, uniq_maurice
D:13:     layout_long_grid, david_vaults_2, serial_shops, nicolae_diamond_shop
D:14:     layout_rooms, serial_corexii_hall, chequers_hall_statues_wall_a,
          chequers_hall_statues_y, corexii_hall_statues_i,
          corexii_leaking_fountain
D:15:     gammafunk_depths_entry_grave, layout_loops_corners,
          dreamdust_princess_corridor, uniq_kirke, uniq_louise
Temple:   nicolae_temple_ecumenical_triangle
Lair:1:   minmay_lair_oklob_chamber, layout_cellular_growth,
          beast_lair_carwin_5, lemuel_fruit_tree
Lair:2:   layout_cave_pods, guppyfry_snake_entry_garden, serial_bayou,
          serial_bayou_lagoon_b, serial_bayou_ford_a, serial_bayou_pond_a,
          serial_bayou_pond_a, beast_lair_carwin_11, uniq_amaemon, uniq_erica
Lair:3:   layout_chaotic_city, minmay_shoals_entry_hut, grunt_megastairs_2,
          uniq_nessos
Lair:4:   layout_hall_layers, enter_volcano_3, guppyfry_lair_drakes
Lair:5:   hangedman_lair_tendril_chambers, layout_regular_city,
          guppyfry_lair_end_dragon, slime_entry_1, minivault_24, st_stairs_5
Shoals:1: layout_shoals, serial_shops, shop
Shoals:2: layout_shoals, nicolae_shoals_wave_tunnel, uniq_polyphemus
Shoals:3: layout_shoals, nicolae_shop_self_help, uniq_ilsuiw
Shoals:4: shoals_end_grunt_ice, layout_shoals, shoals_ilsuiw_ice
Snake:1:  layout_grid_shapes, basic_altar
Snake:2:  layout_gridlike, nicolae_snake_herptile_family_reunion, uniq_aizul
Snake:3:  layout_grid_shapes, nicolae_integral_box, serial_bayou_shore_a,
          minmay_shop_star, uniq_azrael
Snake:4:  grunt_snake_rune_serpentine_throne, layout_misc_corridors
Orc:1:    layout_caves
Orc:2:    kennysheep_orc_mage_school, layout_caves, basic_altar,
          david_defended_altar_orc
Elf:1:    nicolae_elf_arrival_fired_up, layout_loops_corners,
          hangedman_elven_crosses_minicolossus
Elf:2:    nicolae_elf_blades_splatter_lattice [mumra_blade_entry_dagger],
          layout_loops_cross, portal_ice_cave_entry_dragon,
          nicolae_elf_crossing_hall, uniq_saint_roka, uniq_donald
Elf:3:    minmay_elf_hall_hex, layout_gridlike, serial_shops,
          nicolae_shop_trees, minmay_elf_annihilation
Vaults:1: v_rooms_5, v_misc_9, nicolae_vaults_shelves_hall,
          nicolae_vaults_hallways_thing, nicolae_vaults_network_quinsquares
          [nicolae_vaults_network_quincunx_subvault,
          nicolae_vaults_network_quincunx_subvault,
          nicolae_vaults_network_quincunx_subvault,
          nicolae_vaults_network_quincunx_subvault], v_misc_32,
          ontoclasm_vaults_twist, nicolae_vaults_mini_display_case,
          nicolae_vaults_little_squares_6, layout_vaults_omnigrid
Vaults:2: nicolae_vaults_triangles, grunt_vaults_funnel,
          nicolae_vaults_windows_and_doors_thing,
          nicolae_vaults_lopsided_apartments, vaults_room_fancy_cross,
          vaults_dpeg_cross, hangedman_vaults_pinch, v_misc_23,
          nicolae_vaults_little_squares_4, hangedman_vaults_stretched_pinwheel,
          ontoclasm_vaults_loading_screen, grunt_vaults_twisty,
          nicolae_vaults_ring_of_whatevers, ontoclasm_vaults_tryst,
          grunt_vaults_hallway_short, layout_vaults_omnibox
Vaults:3: portal_desolation_entry_nicolae_nacl, minmay_crypt_entry_simple_plaza,
          nicolae_vaults_network_s, ontoclasm_vaults_eye,
          hangedman_vaults_locks, hangedman_vaults_hat,
          vaults_standard_mumra_lines, ontoclasm_vaults_shuriken,
          ontoclasm_vaults_ring_square, v_rooms_2, ontoclasm_vaults_fire_temple,
          v_alt_pattern_3, vaults_dpeg_encased_lava, grunt_vaults_focal,
          layout_vaults_maze_bifur
Vaults:4: v_misc_23, nicolae_vaults_big_angled_halls, st_diamondy,
          nicolae_vaults_network_periphery, v_misc_3,
          nicolae_vaults_ninety_degrees, nicolae_vaults_ring_of_whatevers,
          nicolae_vaults_little_ls, nicolae_vaults_circle_grid_b,
          vaults_room_fours, layout_vaults_big_room, serial_shops, shop
Vaults:5: uniq_jory
Crypt:1:  layout_regular_city, grunt_crypt_arrival_guarded_gate, uniq_boris
Crypt:2:  layout_misc_corridors, minivault_24
Crypt:3:  due_elkab, layout_chaotic_city, tomb_entry_forgotten_bobbens,
          basic_altar, uniq_vv
Tomb:1
Depths:1: layout_cave_pools, lightli_too_deep, pan_entry,
          nicolae_rock_paper_scissors
Depths:2: minmay_blocking_statues, layout_small_grid, grunt_pan_entry_sceptre,
          hell_entry, minmay_tree_intersection, hangedman_cracks_in_the_wall
Depths:3: nzn_winding_woodlands_three_and_one
          [nzn_winding_woodlands_5x15_pathside_ponds,
          nzn_winding_woodlands_5x15_jagged, nzn_winding_woodlands_5x15_twine,
          nzn_winding_woodlands_center_diamonds], layout_twisted_cross,
          abyss_entry, hellmouth_3, enter_trove_2, serial_bayou_pond_c,
          minmay_the_grid_square_5x5_3x3_mashed
          [minmay_the_grid_square_5x5_hourglass,
          minmay_the_grid_square_5x5_comb, minmay_the_grid_square_5x5_one_wall,
          minmay_the_grid_square_5x5_fat_x,
          minmay_the_grid_square_5x5_megaprize_open,
          minmay_the_grid_square_5x5_eight_small,
          minmay_the_grid_square_5x5_meh,
          minmay_the_grid_square_5x5_sharp_hourglass,
          minmay_the_grid_square_5x5_two_small]
Depths:4: grunt_twist_and_shout, layout_cave_shapes, enter_ziggurat_f,
          minmay_misc_feat_more_columns, pf_dread_powers_of_hell,
          serial_bayou_shore_b
Hell
Zot:1:    layout_misc_corridors, nzn_random_ring
Zot:2:    layout_basic, uniq_josephina
Zot:3:    layout_concentric_octagons, st_stairs_12, grunt_megastairs_4
Zot:4:    layout_concentric_octagons
Zot:5:    layout_misc_corridors

Skill      XL: |  1  2  3  4  5  6  7  8  9 10 11 12 13 14 15 16 17 18 19 20 21 22 23 24 25 26 27 |
---------------+----------------------------------------------------------------------------------+-----
Maces & Flails | 3 4 5 7 8 10 12 14 16 18 20 21 22 23 24 27 | 27.0
Fighting       | 4 5 6 7 9 10 12 13 14 16 19 20 22 24 25 27 | 27.0
Armour         | 5 10 13 16 18 20 21 22 27 | 27.0
Shields        | 6 12 16 19 21 23 25 | 25.9
Dodging        | 9 20 | 20.2

Action                     |  1- 3 |  4- 6 |  7- 9 | 10-12 | 13-15 | 16-18 | 19-21 | 22-24 | 25-27 || total
---------------------------+-------+-------+-------+-------+-------+-------+-------+-------+-------++-------
  Melee: Flail             |    87 |    89 |   406 |    87 |       |       |       |       |       ||   669
         Great mace        |       |       |       |   580 |  1164 |   888 |  1821 |  1111 |  3232 ||  8796
 Invoke: Sacrifice Words   |       |       |       |     1 |       |       |       |       |       ||     1
         Sacrifice Stealth |       |       |       |       |     1 |       |       |       |       ||     1
         Power Leap        |       |       |       |       |     2 |       |       |       |       ||     2
         Sacrifice Artific |       |       |       |       |     1 |       |       |       |       ||     1
         Apocalypse        |       |       |       |       |     1 |     6 |     4 |     7 |    11 ||    29
         Sacrifice Essence |       |       |       |       |     1 |       |       |       |       ||     1
         Sacrifice Arcana  |       |       |       |       |     1 |       |       |       |       ||     1
         Sacrifice Purity  |       |       |       |       |       |     1 |       |       |       ||     1
         Sacrifice Love    |       |       |       |       |       |     1 |       |       |       ||     1
Ability: Shaft Self        |       |       |       |     2 |       |       |       |       |       ||     2
         Dig               |       |       |       |       |     1 |       |       |       |     1 ||     2
  Evoke: Wand              |       |       |       |       |     2 |       |       |       |       ||     2
    Use: Scroll            |       |       |     6 |    17 |    10 |     1 |     1 |     1 |    19 ||    55
         Potion            |       |       |     1 |     1 |     1 |     6 |       |     7 |    24 ||    40
   Stab: Paralysed         |       |       |       |     1 |     5 |    11 |    16 |     7 |    25 ||    65
         Invisible         |       |       |       |       |     6 |    12 |    11 |     7 |    24 ||    60
         Distracted        |       |       |       |       |     4 |     5 |    11 |     6 |    21 ||    47
         Petrified         |       |       |       |       |       |       |       |       |     4 ||     4
 Armour: Scale mail        |    23 |     3 |       |   265 |   205 |     9 |       |       |       ||   505
         Chain mail        |       |    38 |   166 |    14 |       |       |       |       |       ||   218
         Plate armour      |       |       |       |    98 |   701 |   431 |   787 |   360 |   489 ||  2866
         Gold dragon scale |       |       |       |       |       |       |       |       |   863 ||   863
  Dodge: Dodged            |    46 |    36 |   101 |   292 |   339 |   165 |   321 |   168 |   890 ||  2358
  Block: Buckler           |    25 |     6 |       |       |       |       |       |       |       ||    31
         Kite shield       |       |    26 |   175 |   394 |   652 |   507 |  1197 |   711 |  2228 ||  5890
Riposte: Great mace        |       |       |       |       |       |       |       |   238 |   733 ||   971

Table legend: (Time is in decaauts)
 A = Elapsed time spent in this place.
 B = Non-inter-level travel time spent in this place.
 C = Inter-level travel time spent in this place.
 D = Time resting spent in this place.
 E = Time spent auto-exploring this place.
 F = Levels seen in this place.
 G = Mean time per level.
                   A        B        C        D        E       F      G
               +--------+--------+--------+--------+--------+-----+--------+
         Total |  82309 |  75839 |   6470 |  19169 |  38475 |  69 | 1192.9 |
       Dungeon |  20290 |  17710 |   2580 |   2716 |  11551 |  15 | 1352.7 |
        Temple |     23 |     20 |      3 |      0 |      0 |   1 |   23.0 |
          Lair |   8024 |   7602 |    422 |   1438 |   4572 |   5 | 1604.8 |
        Shoals |   4909 |   4717 |    192 |    632 |   2730 |   4 | 1227.2 |
     Snake Pit |   6056 |   5800 |    256 |    992 |   3319 |   4 | 1514.0 |
  Orcish Mines |   2125 |   1679 |    446 |    384 |    821 |   2 | 1062.5 |
   Elven Halls |   4059 |   3751 |    308 |    493 |   2076 |   3 | 1353.0 |
        Vaults |   9541 |   8594 |    947 |   2262 |   4516 |   5 | 1908.2 |
         Crypt |   3129 |   2908 |    221 |    426 |   1695 |   3 | 1043.0 |
          Tomb |   2345 |   2245 |    100 |    994 |    714 |   1 | 2345.0 |
        Depths |   9089 |   8544 |    545 |   4701 |   2317 |   4 | 2272.2 |
          Hell |    500 |    490 |     10 |      0 |    285 |   1 |  500.0 |
           Zot |   5815 |   5377 |    438 |   1190 |   2711 |   5 | 1163.0 |
         Abyss |    308 |    308 |      0 |      0 |     95 |   1 |  308.0 |
      Ziggurat |   1237 |   1237 |      0 |    836 |      0 |   9 |  137.4 |
         Trove |     93 |     93 |      0 |      0 |      0 |   1 |   93.0 |
       Ossuary |    641 |    641 |      0 |      0 |    407 |   1 |  641.0 |
        Bailey |   1747 |   1747 |      0 |    976 |    247 |   1 | 1747.0 |
      Ice Cave |    749 |    749 |      0 |    550 |     11 |   1 |  749.0 |
       Volcano |    614 |    614 |      0 |    304 |    110 |   1 |  614.0 |
    Desolation |   1005 |   1005 |      0 |    274 |    295 |   1 | 1005.0 |
               +--------+--------+--------+--------+--------+-----+--------+

Top non-repeatable levels by time:
Depths:1: 4162 daAuts
Vaults:4: 3622 daAuts
  Lair:2: 2570 daAuts
  Tomb:1: 2345 daAuts
 Snake:4: 2330 daAuts
     D:9: 2314 daAuts
    D:13: 2186 daAuts
Depths:2: 1855 daAuts
Vaults:1: 1849 daAuts
  Lair:5: 1823 daAuts
  Bailey: 1747 daAuts
   Zot:3: 1735 daAuts
Depths:3: 1711 daAuts
 Snake:3: 1677 daAuts
   Elf:2: 1618 daAuts
